Construct Infanterie Kompanie
Construct Luftwaffe Kompanie
Flak 30 Anti-aircraft Gun Team
Selects Terror Battlegroup
Selects Contempt for the Weak
Selects Propaganda Leaflet Drop
Marder III M Tank Destroyer
Selects Machine Gun Camouflage
Selects Defend the Fatherland
Construct Panzer Kompanie
Construct Panzergrenadier Kompanie
Nebelwerfer 42 Rocket Launcher Team
Nebelwerfer 42 Rocket Launcher Team
Selects King Tiger Heavy Tank